 Dungeon Crawl Stone Soup version 0.26.1-2-gb8aa6d0cf2 (webtiles) character file.

Game seed: 726878624970293870

49 Gadfly the Insei (level 3, -2/28 HPs)
             Began as a Draconian Transmuter on Feb 21, 2021.
             Slain by a gnoll (7 damage)
             ... on level 2 of the Dungeon.
             The game lasted 00:01:45 (1241 turns).

Gadfly the Insei (Draconian Transmuter)             Turns: 1241, Time: 00:01:45

Health: -2/28      AC:  5    Str: 12    XL:     3   Next: 53%
Magic:  6/6        EV: 12    Int: 13    God:
Gold:   44         SH:  0    Dex: 12    Spells: 0/6 levels left

rFire    . . .     SeeInvis .     - Unarmed
rCold    . . .     Faith    +   (no shield)
rNeg     . . .     Spirit   .   (armour unavailable)
rPois    .         Reflect  .   (helmet restricted)
rElec    .         Harm     .   (no cloak)
rCorr    .         Rampage  .   (no gloves)
Will     .....                  (no boots)
Stlth    +.........             c - amulet of faith
HPRegen  0.09/turn              (no ring)
MPRegen  0.10/turn              (no ring)

@: no status effects
A: unfitting armour, cold-blooded, AC +5
a: no special abilities


You were on level 2 of the Dungeon.
You visited 1 branch of the dungeon, and saw 2 of its levels.

You collected 44 gold pieces.

Inventory:

Jewellery
 c - an amulet of faith (around neck)
Potions
 b - a potion of curing


   Skills:
 + Level 1.6 Fighting
 * Level 2.1 Dodging
 * Level 3.5 Unarmed Combat
 * Level 2.3 Spellcasting
 * Level 2.3 Transmutations
 * Level 1.0 Evocations


You couldn't memorise any spells.
You knew the following spells:

 Your Spells              Type           Power        Failure   Level
a - Beastly Appendage     Tmut           14%          10%         1
b - Wereblood             Tmut           7%           14%         2
c - Spider Form           Tmut/Pois      2%           43%         3

Your spell library contained the following spells:

 Spells                   Type           Power        Failure   Level
 Ice Form                 Ice/Tmut       4%           83%         4
 Blade Hands              Tmut           3%           95%         5


Dungeon Overview and Level Annotations

Branches:
Dungeon (2/15)

Altars:
Nemelex Xobeh


Innate Abilities, Weirdness & Mutations

Your plain brown scales are hard. (AC +5)
You cannot fit into any form of body armour.
You are cold-blooded and may be slowed by cold attacks.


Message History

You are too injured to fight recklessly!
Unknown command.
A gnoll comes into view. It is wielding a +0 whip.
You barely miss the goblin.
The gnoll shouts!
You claw the goblin.
You kill the goblin!
Your horns disappear.
Your talons disappear.
The gnoll closely misses you.
You see here a +0 club.
Things that are here:
a +0 dagger; 15 stones
There is a fountain of sparkling water here.
Found 25 arrows.
There is a sparkling altar of Nemelex Xobeh here.
The gnoll hits you!
* * * LOW HITPOINT WARNING * * *
There is a fountain of sparkling water here.
The gnoll hits you!
You die...

#########
#...g..(####
#.#####.((.# #)#
#.†#(###### #.#
##⌠.⌠......#
#....)#
#.._g.####.#
....###.####.⌠.g.#
#.# ..
.........@.# #.#
#....####.## #.#
#.### #.# #.# #.#
#.# #.# #.# #.#
#.# #(# #.#### #.#
#....# #?. ####.#
#.#


You could see 2 gnolls.

Vanquished Creatures
  A gnoll (D:2)
  A worm (D:2)
  4 dart slugs
  2 ball pythons
  4 bats
  A giant cockroach (D:1)
  2 goblins
  2 hobgoblins (D:1)
  7 kobolds
  2 frilled lizards
  2 rats (D:1)
28 creatures vanquished.

Notes
Turn   | Place    | Note
-------+----------+-------------------------------------------
     0 | D:1      | Gadfly the Draconian Transmuter began the quest for the
                  | Orb.
     0 | D:1      | Reached XP level 1. HP: 16/16 MP: 3/3
   382 | D:1      | Reached XP level 2. HP: 23/23 MP: 5/5
   938 | D:1      | Learned a level 2 spell: Wereblood
  1046 | D:2      | Reached XP level 3. HP: 28/28 MP: 4/6
  1050 | D:2      | Learned a level 3 spell: Spider Form
  1192 | D:2      | Found a sparkling altar of Nemelex Xobeh.
  1225 | D:2      | Reached skill level 1 in Evocations
  1241 | D:2      | Slain by a gnoll

Illustrated notes

Levels and vault maps discovered:
D:1:      saegor_arrival_simple_c, layout_loops_ring, serial_park_tiny_1,
          hangedman_abyss_or_decor_lesser_grid, columned_hall_lemuel
D:2:      minmay_chambers_of_ones, layout_loops_ring,
          nicolae_ru_the_path_less_chosen, nemelex_xobeh_ov_fountains_minmay,
          xom_redecorated, nzn_overflow_gifts_of_might_and_magic, minivault_27

Skill      XL: |  1  2  3 |
---------------+----------+-----
Dodging        | 2 |  2.1
Evocations     | 1 |  1.0
Fighting       | |  1.6
Unarmed Combat | |  3.5
Spellcasting   | |  2.3
Transmutations | |  2.3

Action                   || total
-------------------------++-------
Melee: Unarmed           ||    88
       Kick              ||    16
       Tailslap          ||     3
       Punch             ||     1
       Headbutt          ||     7
 Cast: Beastly Appendage ||    19
  Use: Scroll            ||     5
 Stab: Sleeping          ||     1
Armor: Skin              ||    27
Dodge: Dodged            ||    56
